AoeStats
← Louis

Black Forest

510324184Analyzed
4v4 RM · 2d ago on Sep 30, 2026· 55m 34s· 8 players
Game mode
Random Map
Map size
Large (8 player)
Population
200
Speed
Normal
Resources
Standard
Victory
Conquest
Starting age
Dark Age
Ending age
Imperial Age
RankedLock teamsTeams togetherTeam positionsShared explorationLock speedFull tech treeHidden civsTurbo modeCheats
Victory
Defeat
🇬🇧 Bohemians · United Kingdom
589
+11
🇨🇿 Romans · Czechia
589
+11
🇨🇿 Bohemians · Czechia
565
+12
🇨🇿 Burgundians · Czechia
560
+13
🇨🇳 Varangians · China
703
-20
🇨🇳 Maya · China
429
-10
🇸🇪 Goths · Sweden
396
-9
🇨🇳 Spanish · China
369
-8
MikinhoCZE
0:29 Loom
13:01 Feudal Age
15:45 Wheelbarrow
17:23 Double-Bit Axe
20:38 Castle Age
19:21 Stone Mining
19:26 Gold Mining
20:49 Bow Saw
26:33 Horse Collar
28:19 Gold Shaft Mining
32:30 Imperial Age
30:28 Hand Cart
32:11 Heavy Plow
32:22 Caravan
34:11 Chemistry
33:50 Conscription
34:05 Crop Rotation
34:59 Scale Barding Armor
35:05 Forging
34:51 Man-at-Arms
37:30 Two-Man Saw
42:19 Burgundian Vineyards
43:36 Elite Coustillier
44:39 Chain Barding Armor
44:55 Iron Casting
44:54 Ballistics
47:01 Stone Shaft Mining
47:23 Plate Barding Armor
47:49 Blast Furnace
Dvor9269
1:02 Loom
12:25 Feudal Age
12:51 Horse Collar
12:59 Double-Bit Axe
16:43 Gold Mining
16:51 Stone Mining
24:04 Castle Age
25:12 Heavy Plow
25:49 Gold Shaft Mining
26:42 Caravan
27:12 Coinage
38:04 Imperial Age
38:11 Wheelbarrow
37:59 Forging
37:49 Scale Mail Armor
37:55 Scale Barding Armor
39:21 Hand Cart
39:46 Guilds
40:07 Banking
42:09 Man-at-Arms
42:50 Squires
45:27 Long Swordsman
47:25 Iron Casting
47:05 Chain Mail Armor
47:11 Chain Barding Armor
46:28 Heavy Scorpion
46:29 Onager
46:40 Legionary
47:45 Ballistas
47:01 Elite Centurion
52:48 Plate Barding Armor
53:14 Blast Furnace
Marryhuan84
1:57 Loom
12:17 Feudal Age
12:51 Double-Bit Axe
13:45 Wheelbarrow
22:58 Castle Age
21:43 Horse Collar
24:08 Hand Cart
24:06 Bow Saw
24:55 Hand Cart
25:29 Heavy Plow
27:50 Caravan
32:25 Imperial Age
33:43 Fortified Wall
33:54 Ballistics
34:35 Chemistry
34:02 Conscription
33:54 Wagenburg Tactics
35:51 Masonry
37:06 Forging
36:56 Scale Mail Armor
37:25 Elite Hussite Wagon
40:32 Two-Man Saw
41:54 Iron Casting
41:34 Chain Mail Armor
41:12 Fletching
41:22 Padded Archer Armor
42:04 Houfnice
47:41 Blast Furnace
47:12 Plate Mail Armor
46:47 Scale Barding Armor
46:38 Bodkin Arrow
46:59 Leather Archer Armor
nLife GScott
13:36 Feudal Age
14:03 Double-Bit Axe
14:03 Horse Collar
14:50 Loom
27:57 Castle Age
29:03 Caravan
33:29 Bow Saw
33:24 Heavy Plow
38:12 Chemistry
37:32 Ballistics
41:47 Imperial Age
39:58 Wheelbarrow
40:53 Fletching
41:03 Padded Archer Armor
42:10 Hand Cart
43:25 Elite Hussite Wagon
44:29 Conscription
43:45 Houfnice
北野_
15:20 Feudal Age
17:45 Wheelbarrow
17:04 Double-Bit Axe
17:13 Gold Mining
17:14 Stone Mining
31:41 Horse Collar
37:13 Castle Age
40:41 Hand Cart
41:05 Stone Shaft Mining
41:03 Bow Saw
Louis
15:00 Feudal Age
22:15 Castle Age
24:16 Double-Bit Axe
26:03 Wheelbarrow
28:20 Bow Saw
27:53 Horse Collar
28:10 Stone Mining
31:38 Hand Cart
38:06 Imperial Age
36:59 Ballistics
36:29 Man-at-Arms
37:23 Loom
37:25 Town Watch
37:08 Pikeman
37:13 Crossbowman
37:18 Elite Skirmisher
38:07 Thumb Ring
39:43 Halberdier
39:47 Arbalester
40:58 Conscription
40:10 Elite Plumed Archer
40:56 Long Swordsman
42:25 Gold Mining
42:41 Two-Handed Swordsman
43:26 Squires
43:16 Arson
45:11 Padded Archer Armor
46:13 Chemistry
45:17 Scale Mail Armor
45:09 Fletching
45:29 Forging
47:53 Onager
49:06 Chain Mail Armor
49:06 Leather Archer Armor
50:17 Two-Man Saw
诺
0:34 Loom
14:52 Feudal Age
16:54 Double-Bit Axe
20:31 Castle Age
20:55 Gold Mining
20:48 Horse Collar
22:05 Heavy Plow
22:18 Bow Saw
27:45 Stone Mining
34:53 Imperial Age
33:00 Wheelbarrow
32:37 Forging
32:33 Scale Barding Armor
34:26 Hand Cart
35:22 Iron Casting
34:53 Scale Barding Armor
35:15 Husbandry
35:26 Bloodlines
34:36 Light Cavalry
37:28 Two-Man Saw
37:30 Blast Furnace
37:20 Crop Rotation
36:40 Town Watch
37:21 Chain Barding Armor
37:18 Cavalier
37:22 Hussar
38:17 Elite Varangian Guard
38:42 Arson
38:58 Squires
38:46 Gambesons
39:04 Elite Jarl
39:06 Vendel Legacy
39:11 Gothikon
40:50 Plate Barding Armor
42:01 Scale Mail Armor
44:13 Vendel Legacy
45:54 Stone Shaft Mining
45:55 Chain Mail Armor
45:32 Fletching
50:25 Plate Mail Armor
51:26 Cavalier
jooseflj
Connection lost

Rejoining the realm…

Still unreachable

The connection could not be restored.

Session expired

The server has moved on; the page needs a fresh start.